AoeStats
← BichoPalo7978

Arabia

510334639Analyzed
1v1 RM · 10h ago on Sep 30, 2026· 21m 42s· 2 players
Game mode
Random Map
Map size
Tiny (2 player)
Population
200
Speed
Normal
Resources
Standard
Victory
Conquest
Starting age
Dark Age
Ending age
Imperial Age
RankedLock teamsTeams togetherTeam positionsShared explorationLock speedFull tech treeHidden civsTurbo modeCheats
Victory
Defeat
🇹🇷 Tatars · Türkiye
95
+13
🇪🇸 Huns · Spain
40
-13
BichoPalo7978
0:31 Loom
11:40 Feudal Age
16:26 Double-Bit Axe
23:06 Castle Age
21:28 Arson
urladidim
14:25 Feudal Age
14:57 Double-Bit Axe
14:56 Horse Collar
18:22 Arson
20:54 Gold Mining
20:55 Stone Mining
Connection lost

Rejoining the realm…

Still unreachable

The connection could not be restored.

Session expired

The server has moved on; the page needs a fresh start.